HBL
DANVILLE DAIRY DADDIES @ COLUMBUS CLIPPERS
04/13/1997
 
TOP OF THE 1ST
Danville Dairy Daddies batting - Pitching for Columbus Clippers : RHP Kirk McCaskill
Pitching: RHP Kirk McCaskill
Batting: SHB Joey Cora 0-0: Ball
1-0: DOUBLE (Line Drive, 7LM, EV 109.4 MPH)
Batting: RHB Mike Blowers 0-0: Called Strike
0-1: Ball
1-1: Foul Ball, location: 2F
1-2: Fly out, F9 (Flyball, 9LD, EV 108.8 MPH)
Runner from 2nd tags up, SAFE at 3rd, no throw by RF
Batting: LHB David Ortiz 0-0: Called Strike
0-1: Ball
1-1: Called Strike
1-2: Ball
2-2: Strikes out looking
Batting: LHB Brant Brown 0-0: Called Strike
0-1: Ground out 1-3 (Groundball, 23, EV 63.1 MPH)
Top of the 1st over - 0 runs, 1 hit, 0 errors, 1 left on base; Danville 0 - Columbus 0
BOTTOM OF THE 1ST
Columbus Clippers batting - Pitching for Danville Dairy Daddies : RHP Cal Eldred
Pitching: RHP Cal Eldred
Batting: LHB Ed Giovanola 0-0: Ball
1-0: Called Strike
1-1: Ball
2-1: Foul Ball, location: 2F
2-2: Strikes out swinging
Batting: RHB Carlos Garcia 0-0: Called Strike
0-1: Foul Ball, location: 2F
0-2: Foul Ball, location: 2F
0-2: Ball
1-2: Foul Ball, location: 2F
1-2: Ball
2-2: Fly out, F9 (Flyball, 9LD, EV 92.5 MPH)
Batting: RHB Bubba Trammell 0-0: Fly out, F6 (Popup, 4MD, EV 57.5 MPH)
Bottom of the 1st over - 0 runs, 0 hits, 0 errors, 0 left on base; Danville 0 - Columbus 0
TOP OF THE 2ND
Danville Dairy Daddies batting - Pitching for Columbus Clippers : RHP Kirk McCaskill
Batting: LHB Rusty Greer 0-0: Ball
1-0: Called Strike
1-1: Ball
2-1: Ball
3-1: Foul Ball, location: 2F
3-2: Foul Ball, location: 2F
3-2: Base on Balls
Batting: RHB Kevin Polcovich 0-0: Ball
1-0: Foul Ball, location: 2F
1-1: Foul Ball, location: 2F
1-2: DOUBLE (Line Drive, 78M, EV 96.9 MPH)
Rusty Greer to third
Batting: RHB Shawn Gilbert 0-0: Swinging Strike
0-1: Ball
1-1: Foul Ball, location: 2F
1-2: Ground out 6-3 (Groundball, 6S, EV 85.0 MPH)
Rusty Greer scores
Batting: RHB Erik Pappas 0-0: Hit by Pitch
Batting: RHB Takahiro Ikeyama 0-0: Ball
1-0: Foul Ball, location: 2F
1-1: Ball
2-1: Called Strike
2-2: SINGLE (Groundball, 6MD, EV 108.1 MPH)
Kevin Polcovich to third
Erik Pappas to second
Batting: SHB Joey Cora 0-0: Foul Ball, location: 2F
0-1: Foul Ball, location: 2F
0-2: Strikes out swinging
Batting: RHB Mike Blowers 0-0: Ball
1-0: Called Strike
1-1: Fly out, F8 (Flyball, 8RD, EV 83.8 MPH)
Top of the 2nd over - 1 run, 2 hits, 0 errors, 3 left on base; Danville 1 - Columbus 0
BOTTOM OF THE 2ND
Columbus Clippers batting - Pitching for Danville Dairy Daddies : RHP Cal Eldred
Batting: RHB Derrek Lee 0-0: Called Strike
0-1: SINGLE (Line Drive, 89S, EV 92.5 MPH)
Batting: LHB Alex Hernandez 0-0: Fielders Choice at 2nd, 4-6 (Groundball, 4, EV 81.9 MPH)
Batting: RHB Tilson Brito 0-0: Ball
1-0: Ball
2-0: Called Strike
2-1: Ball
3-1: SINGLE (Line Drive, 78S, EV 106.3 MPH)
Alex Hernandez to second
Batting: LHB Kenjiro Nomura 0-0: SINGLE (Groundball, 6S, EV 60.6 MPH) (infield hit)
Alex Hernandez to third
Tilson Brito to second
Batting: RHB Miguel Mejia 0-0: Fielders Choice at 2nd, 6-4 (Groundball, 56, EV 85.6 MPH)
Alex Hernandez scores
Tilson Brito to third
Batting: RHB Alberto T Castillo 0-0: Ball
1-0: Called Strike
1-1: Called Strike
1-2: Ball
2-2: Foul Ball, location: 2F
2-2: Ball
3-2: Ground out 1-3 (Groundball, 13, EV 84.4 MPH)
Bottom of the 2nd over - 1 run, 3 hits, 0 errors, 2 left on base; Danville 1 - Columbus 1
TOP OF THE 3RD
Danville Dairy Daddies batting - Pitching for Columbus Clippers : RHP Kirk McCaskill
Batting: LHB David Ortiz 0-0: Swinging Strike
0-1: Called Strike
0-2: Ground out U3 (Groundball, 3, EV 85.0 MPH)
Batting: LHB Brant Brown 0-0: Ball
1-0: Swinging Strike
1-1: Foul Ball, location: 2F
1-2: Fly out, F7 (Line Drive, 7, EV 98.8 MPH)
Batting: LHB Rusty Greer 0-0: Ball
1-0: Foul Ball, location: 2F
1-1: Foul Ball, location: 2F
1-2: Ball
2-2: Foul Ball, location: 2F
2-2: DOUBLE (Flyball, 89D, EV 95.0 MPH)
Batting: RHB Kevin Polcovich 0-0: Foul Ball, location: 2F
0-1: Ball
1-1: Foul Ball, location: 2F
1-2: Ground out 5-3 (Groundball, 56S, EV 90.0 MPH)
Top of the 3rd over - 0 runs, 1 hit, 0 errors, 1 left on base; Danville 1 - Columbus 1
BOTTOM OF THE 3RD
Columbus Clippers batting - Pitching for Danville Dairy Daddies : RHP Cal Eldred
Batting: LHB Ed Giovanola 0-0: Called Strike
0-1: Ball
1-1: Ball
2-1: Foul Ball, location: 2F
2-2: Strikes out swinging
Batting: RHB Carlos Garcia 0-0: Swinging Strike
0-1: SINGLE (Flyball, 78M, EV 86.3 MPH)
Batting: RHB Bubba Trammell 0-0: 2-RUN HOME RUN (Flyball, 7D, EV 108.1 MPH), Distance : 414 ft
Batting: RHB Derrek Lee 0-0: Called Strike
0-1: Swinging Strike
0-2: Strikes out swinging
Batting: LHB Alex Hernandez 0-0: Ball
1-0: Called Strike
1-1: Called Strike
1-2: Ball
2-2: Ball
3-2: Base on Balls
Batting: RHB Tilson Brito 0-0: Ball
1-0: Swinging Strike
1-1: Ball
2-1: Ball
3-1: Called Strike
3-2: Fly out, F9 (Flyball, 9LMF, EV 95.6 MPH)
Bottom of the 3rd over - 2 runs, 2 hits, 0 errors, 1 left on base; Danville 1 - Columbus 3
TOP OF THE 4TH
Danville Dairy Daddies batting - Pitching for Columbus Clippers : RHP Kirk McCaskill
Batting: RHB Shawn Gilbert 0-0: Called Strike
0-1: Ball
1-1: Ground out 6-3 (Groundball, 6M, EV 98.1 MPH)
Batting: RHB Erik Pappas 0-0: Ball
1-0: Swinging Strike
1-1: Foul Ball, location: 2F
1-2: Fly out, F8 (Flyball, 8RD, EV 101.9 MPH)
Batting: RHB Takahiro Ikeyama 0-0: Called Strike
0-1: Hit by Pitch
Batting: SHB Joey Cora 0-0: Fielders Choice at 2nd, 6-4 (Groundball, 6, EV 106.3 MPH)
Top of the 4th over - 0 runs, 0 hits, 0 errors, 1 left on base; Danville 1 - Columbus 3
BOTTOM OF THE 4TH
Columbus Clippers batting - Pitching for Danville Dairy Daddies : RHP Cal Eldred
Batting: LHB Kenjiro Nomura 0-0: Ball
1-0: Foul Ball, location: 2F
1-1: Foul Ball, location: 2F
1-2: Ball
2-2: Foul Ball, location: 2F
2-2: Foul Ball, location: 2F
2-2: Ground out U3 (Groundball, 34, EV 81.9 MPH)
Batting: RHB Miguel Mejia 0-0: Ball
1-0: Ball
2-0: Called Strike
2-1: SOLO HOME RUN (Flyball, 7LD, EV 108.8 MPH), Distance : 379 ft
Batting: RHB Alberto T Castillo 0-0: Ball
1-0: Foul Ball, location: 2F
1-1: Ball
2-1: Ball
3-1: Base on Balls
Batting: LHB Ed Giovanola 0-0: Foul Ball, location: 2F
0-1: Swinging Strike
0-2: Foul Ball, location: 2F
0-2: Foul Ball, location: 2F
0-2: Fielders Choice at 2nd, 4-6 (Groundball, 4, EV 101.3 MPH)
Batting: RHB Carlos Garcia 0-0: Ball
1-0: Ball
2-0: Ball
3-0: Called Strike
3-1: SINGLE (Line Drive, 78S, EV 100.0 MPH)
Ed Giovanola to second
Runner from 2nd tries for 3rd, SAFE, no throw by CF
Batting: RHB Bubba Trammell 0-0: Called Strike
0-1: Ball
1-1: Foul Ball, location: 2F
1-2: Ball
2-2: Foul Ball, location: 2F
2-2: Ground out 5-3 (Groundball, 5S, EV 94.4 MPH)
Bottom of the 4th over - 1 run, 2 hits, 0 errors, 2 left on base; Danville 1 - Columbus 4
TOP OF THE 5TH
Danville Dairy Daddies batting - Pitching for Columbus Clippers : RHP Kirk McCaskill
Batting: RHB Mike Blowers 0-0: Called Strike
0-1: Ball
1-1: Called Strike
1-2: Strikes out swinging
Batting: LHB David Ortiz 0-0: Ball
1-0: Foul Ball, location: 2F
1-1: Ball
2-1: Foul Ball, location: 2F
2-2: Ball
3-2: Strikes out looking
Batting: LHB Brant Brown 0-0: Ball
1-0: Ball
2-0: Called Strike
2-1: Ball
3-1: Base on Balls
Batting: LHB Rusty Greer 0-0: Ball
Brant Brown steals 2nd base
1-0: Ball
2-0: Called Strike
2-1: Ball
3-1: Base on Balls
Batting: RHB Kevin Polcovich 0-0: Fly out, F8 (Flyball, 8RM, EV 93.8 MPH)
Top of the 5th over - 0 runs, 0 hits, 0 errors, 2 left on base; Danville 1 - Columbus 4
BOTTOM OF THE 5TH
Columbus Clippers batting - Pitching for Danville Dairy Daddies : RHP Cal Eldred
Batting: RHB Derrek Lee 0-0: Called Strike
0-1: Foul Ball, location: 2F
0-2: Foul Ball, location: 2F
0-2: Fly out, F7 (Flyball, 7, EV 90.6 MPH)
Batting: LHB Alex Hernandez 0-0: Ball
1-0: Called Strike
1-1: Ball
2-1: Ball
3-1: Base on Balls
Batting: RHB Tilson Brito 0-0: Ball
Alex Hernandez steals 2nd base
1-0: Ground out 4-3 (Groundball, 4M, EV 79.4 MPH)
Alex Hernandez to third
Batting: LHB Kenjiro Nomura 0-0: Called Strike
0-1: Swinging Strike
0-2: Foul Ball, location: 2F
0-2: Ball
1-2: Foul Ball, location: 2F
1-2: Ball
2-2: TRIPLE (Line Drive, 89XD, EV 105.0 MPH)
Alex Hernandez scores
Pitching: LHP Ron Mahay
Batting: RHB Miguel Mejia 0-0: Ball
1-0: Ball
2-0: Ground out 5-3 (Groundball, 56, EV 99.4 MPH)
Bottom of the 5th over - 1 run, 1 hit, 0 errors, 1 left on base; Danville 1 - Columbus 5
TOP OF THE 6TH
Danville Dairy Daddies batting - Pitching for Columbus Clippers : RHP Kirk McCaskill
Batting: RHB Shawn Gilbert 0-0: Ground out 6-3 (Groundball, 6, EV 83.1 MPH)
Batting: RHB Erik Pappas 0-0: Ball
1-0: SINGLE (Line Drive, 3D, EV 108.1 MPH)
Batting: RHB Takahiro Ikeyama Pickoff Throw to First - Out! 1-3
0-0: Ball
1-0: Ball
2-0: Foul Ball, location: 2F
2-1: Fly out, F7 (Flyball, 78XD, EV 89.4 MPH)
Top of the 6th over - 0 runs, 1 hit, 0 errors, 0 left on base; Danville 1 - Columbus 5
BOTTOM OF THE 6TH
Columbus Clippers batting - Pitching for Danville Dairy Daddies : LHP Ron Mahay
Batting: RHB Alberto T Castillo 0-0: SINGLE (Flyball, 9LS, EV 87.5 MPH)
Batting: LHB Ed Giovanola 0-0: Ball
1-0: Ball
2-0: Ball
3-0: Called Strike
3-1: Base on Balls
Alberto T Castillo to second
Batting: RHB Carlos Garcia 0-0: Ball
1-0: Ball
2-0: Called Strike
2-1: Ball
3-1: Called Strike
3-2: Base on Balls
Alberto T Castillo to third
Ed Giovanola to second
Batting: RHB Bubba Trammell 0-0: Called Strike
0-1: Foul Ball, location: 2F
0-2: Fly out, F7 (Flyball, 7S, EV 76.3 MPH)
Batting: RHB Derrek Lee 0-0: Ball
1-0: Called Strike
1-1: Foul Ball, location: 2F
1-2: Strikes out swinging
Batting: LHB Alex Hernandez 0-0: Hit by Pitch
Alberto T Castillo scores
Ed Giovanola to third
Carlos Garcia to second
Batting: RHB Tilson Brito 0-0: Ball
1-0: SINGLE (Line Drive, 89M, EV 93.1 MPH)
Ed Giovanola scores
Carlos Garcia to third
Alex Hernandez to second
Runner from 3rd tries for Home, SAFE, no throw by CF
Batting: LHB Kenjiro Nomura 0-0: Ball
1-0: Ball
2-0: Ball
3-0: Called Strike
3-1: Fly out, F8 (Line Drive, 8RD, EV 89.4 MPH)
Bottom of the 6th over - 3 runs, 2 hits, 0 errors, 2 left on base; Danville 1 - Columbus 8
TOP OF THE 7TH
Danville Dairy Daddies batting - Pitching for Columbus Clippers : RHP Kirk McCaskill
Batting: SHB Joey Cora 0-0: Foul Ball, location: 2F
0-1: Ball
1-1: Called Strike
1-2: Ball
2-2: Ball
3-2: Fly out, F9 (Line Drive, 9, EV 99.4 MPH)
Batting: RHB Mike Blowers 0-0: Foul Ball, location: 2F
0-1: Called Strike
0-2: Ball
1-2: Strikes out swinging
Batting: LHB David Ortiz 0-0: Ball
1-0: Foul Ball, location: 2F
1-1: Ball
2-1: Called Strike
2-2: Ground out 4-3 (Groundball, 4, EV 90.0 MPH)
Top of the 7th over - 0 runs, 0 hits, 0 errors, 0 left on base; Danville 1 - Columbus 8
BOTTOM OF THE 7TH
Columbus Clippers batting - Pitching for Danville Dairy Daddies : LHP Ron Mahay
Batting: RHB Miguel Mejia 0-0: Ball
1-0: Fly out, F7 (Flyball, 7D, EV 96.3 MPH)
Batting: RHB Alberto T Castillo 0-0: Fly out, F9 (Flyball, 89M, EV 80.6 MPH)
Batting: LHB Ed Giovanola 0-0: Called Strike
0-1: Ball
1-1: Swinging Strike
1-2: Ball
2-2: Ball
3-2: Ground out 6-3 (Groundball, 6M, EV 82.5 MPH)
Bottom of the 7th over - 0 runs, 0 hits, 0 errors, 0 left on base; Danville 1 - Columbus 8
TOP OF THE 8TH
Danville Dairy Daddies batting - Pitching for Columbus Clippers : RHP Kirk McCaskill
Batting: LHB Brant Brown 0-0: Called Strike
0-1: Ball
1-1: Ground out 6-3 (Groundball, 6, EV 103.1 MPH)
Batting: LHB Rusty Greer 0-0: Swinging Strike
0-1: Ball
1-1: Ball
2-1: Swinging Strike
2-2: Foul Ball, location: 2F
2-2: Strikes out swinging
Batting: RHB Kevin Polcovich 0-0: SINGLE (Line Drive, 78S, EV 105.6 MPH)
Batting: RHB Shawn Gilbert 0-0: Ball
1-0: Fly out, F7 (Flyball, 78M, EV 79.4 MPH)
Top of the 8th over - 0 runs, 1 hit, 0 errors, 1 left on base; Danville 1 - Columbus 8
BOTTOM OF THE 8TH
Columbus Clippers batting - Pitching for Danville Dairy Daddies : LHP Ron Mahay
Batting: RHB Carlos Garcia 0-0: Ball
1-0: Foul Ball, location: 2F
1-1: Ground out 5-3 (Groundball, 56, EV 81.9 MPH)
Batting: RHB Bubba Trammell 0-0: Ball
1-0: Ball
2-0: Called Strike
2-1: Called Strike
2-2: Foul Ball, location: 2F
2-2: Ball
3-2: Foul Ball, location: 2F
3-2: Foul Ball, location: 2F
3-2: Foul Ball, location: 2F
3-2: Foul Ball, location: 2F
3-2: Fly out, F4 (Line Drive, 4, EV 67.5 MPH)
Batting: RHB Derrek Lee 0-0: Ball
1-0: Called Strike
1-1: Ball
2-1: Foul Ball, location: 2F
2-2: Ground out 4-3 (Groundball, 4, EV 82.5 MPH)
Bottom of the 8th over - 0 runs, 0 hits, 0 errors, 0 left on base; Danville 1 - Columbus 8
TOP OF THE 9TH
Danville Dairy Daddies batting - Pitching for Columbus Clippers : RHP Kirk McCaskill
Batting: RHB Erik Pappas 0-0: Foul Ball, location: 2F
0-1: Ball
1-1: Ball
2-1: Ball
3-1: Base on Balls
Batting: RHB Takahiro Ikeyama 0-0: Called Strike
0-1: Ball
1-1: Ball
2-1: Foul Ball, location: 2F
2-2: Ball
3-2: SINGLE (Line Drive, 78S, EV 91.3 MPH)
Erik Pappas to second
Batting: SHB Joey Cora 0-0: Foul Ball, location: 2F
0-1: Ball
Wild Pitch!
Erik Pappas to third
Takahiro Ikeyama to second
1-1: Foul Ball, location: 2F
1-2: Ball
2-2: Ball
3-2: Reached on error, E1 (Groundball, 23, EV 91.3 MPH)
Erik Pappas scores
Takahiro Ikeyama scores
Pitching: RHP Greg Gohr
Batting: RHB Mike Blowers 0-0: Ball
1-0: Foul Ball, location: 2F
1-1: Called Strike
1-2: Strikes out swinging
Batting: LHB David Ortiz 0-0: Called Strike
0-1: Ball
1-1: Foul Ball, location: 2F
1-2: Strikes out swinging
Batting: LHB Brant Brown 0-0: Swinging Strike
0-1: Ball
1-1: Ball
2-1: Ball
3-1: Fly out, F8 (Flyball, 8LS, EV 98.1 MPH)
Top of the 9th over - 2 runs, 1 hit, 1 error, 1 left on base; Danville 3 - Columbus 8
Monday, January 26th, 2026 - OOTP Baseball 20.8 Build 74